[Event "Titled Tuesday Blitz July 26 Late 2022"]
[White "Wu, Rochelle"]
[Black "Toncheva, Nadya"]
[WhiteFideId "30908132"]
[BlackFideId "2924056"]
[WhiteElo "2168"]
[BlackElo "1888"]
[Result "1-0"]
[Round "07"]
[TimeControl "180+1"]
[Date "2022.07.26"]
[WhiteClock "0:00:42"]
[BlackClock "0:00:50"]

1. d4 d5 2. c4 dxc4 3. e4 e5 4. Nf3 Bb4+ 5. Nc3 exd4 6. Qxd4 Qxd4 7. Nxd4 Nf6 8. f3 a6 9. Bxc4 c5 10. Nc2 Bxc3+ 11. bxc3 Nc6 12. Bg5 Nd7 13. Kf2 b5 14. Bd5 Bb7 15. Rad1 Nb6 16. Ne3 Rc8 17. Nf5 O-O 18. Nd6 Ba8 19. Nxc8 Rxc8 20. Bxc6 Bxc6 21. Rd8+ Rxd8 22. Bxd8 Nc4 23. Be7 Ne5 24. Rd1 Nd7 25. Rd6 1-0


[Site "https://www.chess.com"]

[Event "Titled Tuesday Blitz July 26 Late 2022"]
[White "Yuan, Qingyu"]
[Black "Chen, Justin"]
[WhiteFideId "8609772"]
[BlackFideId "2098199"]
[WhiteElo "2359"]
[BlackElo "2289"]
[Result "0-1"]
[Round "07"]
[TimeControl "180+1"]
[Date "2022.07.26"]
[WhiteClock "0:00:09"]
[BlackClock "0:00:12"]

1. e4 e5 2. Nf3 Nc6 3. Bc4 Bc5 4. d3 Nf6 5. Bg5 h6 6. Bh4 O-O 7. c3 Be7 8. Bg3 Re8 9. O-O Bf8 10. Re1 d6 11. h3 a6 12. a4 Be6 13. Nbd2 Qd7 14. b4 Rad8 15. b5 Na5 16. Bxe6 Qxe6 17. c4 Ra8 18. Qc2 b6 19. Nf1 Nb7 20. Ne3 a5 21. Bh4 Nc5 22. Bxf6 Qxf6 23. Nd5 Qd8 24. Nd2 Ne6 25. Nb3 Be7 26. g3 Rf8 27. Kg2 Qd7 28. Re3 f5 29. Nd2 f4 30. Ree1 Nd4 31. Qd1 Bg5 32. h4 fxg3 33. fxg3 Bxd2 34. Qxd2 Nf3 35. Qe2 Nxe1+ 36. Rxe1 Rf7 37. Rf1 Raf8 38. Rxf7 Qxf7 39. Ne3 Qe6 40. Qh5 Rf7 41. Nf5 Kh7 42. Ne3 Qg6 43. Qe2 Qf6 44. Nd5 Qe6 45. Qh5 g6 46. Qe2 Kg7 47. Ne3 Rf8 48. Ng4 Qf7 49. Ne3 Qf6 50. Nd5 Qf7 51. Ne3 Kh7 52. h5 gxh5 53. Nf5 Qg6 54. Kh3 Rf7 55. Nh4 Qg4+ 56. Qxg4 hxg4+ 57. Kxg4 Rf2 58. Nf5 Rd2 59. Ne7 Rxd3 60. Nd5 Rd4 61. Nxc7 Rxe4+ 62. Kf5 Rxc4 63. Nd5 Rxa4 64. Nxb6 Rb4 65. Nc8 Rxb5 66. Nxd6 Rb3 67. g4 a4 68. Kxe5 a3 69. Ne4 Re3 70. Kf4 Rxe4+ 71. Kxe4 a2 72. Kf4 a1=Q 73. Kg3 Qe5+ 74. Kh4 Qg5+ 75. Kh3 Kg6 76. Kh2 Kf6 77. Kg3 Ke5 78. Kf3 Qf4+ 79. Kg2 Qxg4+ 80. Kh2 Kf4 81. Kh1 Kf3 82. Kh2 Qg2# 0-1


[Site "https://www.chess.com"]

[Event "Titled Tuesday Blitz July 26 Late 2022"]
[White "Zhigalko, Sergei"]
[Black "Kozin, Yuri"]
[WhiteFideId "13502956"]
[BlackFideId "4129920"]
[WhiteElo "2662"]
[BlackElo "2547"]
[Result "1-0"]
[Round "07"]
[TimeControl "180+1"]
[Date "2022.07.26"]
[WhiteClock "0:00:20"]
[BlackClock "0:00:00"]

1. e4 c5 2. Nf3 e6 3. c3 Nf6 4. e5 Nd5 5. Bc4 d6 6. d4 cxd4 7. cxd4 Be7 8. O-O O-O 9. Bd2 b6 10. Qe2 Bb7 11. Nc3 Nxc3 12. Bxc3 Nd7 13. Rfe1 Re8 14. Bd3 Nf8 15. Bb5 Nd7 16. exd6 Bxd6 17. Ne5 Bxe5 18. dxe5 a6 19. Bd3 Qg5 20. f3 Nc5 21. Bc2 a5 22. Rad1 Rad8 23. Qf2 Ba6 24. Bd2 Qe7 25. Be3 Rxd1 26. Rxd1 Rc8 27. Rd6 Qb7 28. Qh4 g6 29. Bh6 Nd7 30. Qe7 1-0


[Site "https://www.chess.com"]

[Event "Titled Tuesday Blitz July 26 Late 2022"]
[White "Zhukova, Natalia"]
[Black "Golubenko, Valentina"]
[WhiteFideId "14101513"]
[BlackFideId "4501993"]
[WhiteElo "2296"]
[BlackElo "2164"]
[Result "1-0"]
[Round "07"]
[TimeControl "180+1"]
[Date "2022.07.27"]
[WhiteClock "0:00:09"]
[BlackClock "0:00:13"]

1. c4 g6 2. d4 Bg7 3. e4 c5 4. d5 e6 5. Nf3 exd5 6. exd5 d6 7. Bd3 Nf6 8. h3 O-O 9. O-O Re8 10. Nc3 a6 11. a4 Nbd7 12. Bf4 Ne5 13. Be2 Bf5 14. Re1 Ne4 15. Nxe4 Bxe4 16. Ng5 Bf5 17. g4 Bd7 18. Ne4 Qc7 19. Bg5 f5 20. Nf6+ Bxf6 21. Bxf6 fxg4 22. hxg4 Rf8 23. g5 Rae8 24. Ra3 Qc8 25. Re3 Nf7 26. Bf1 Qc7 27. Qd2 Qc8 28. Be7 Ne5 29. Bxf8 Rxf8 30. Rxe5 dxe5 31. Rxe5 Bh3 32. Qe3 Qg4+ 33. Qg3 Qxg3+ 34. fxg3 Bxf1 35. d6 Bxc4 36. Rxc5 Be6 37. Rc7 Rd8 38. Rxb7 Rxd6 39. b4 Rd7 40. Rb6 Bc4 41. Rc6 Bd3 42. Rb6 Kf7 43. Kf2 Ke7 44. Ke3 Rd6 45. Rxd6 Kxd6 46. Kxd3 Kd5 47. Kc3 Kd6 48. Kd4 Kc6 49. Kc4 Kd6 50. b5 axb5+ 51. axb5 Kc7 52. Kc5 Kd7 53. b6 Kc8 54. Kc6 Kb8 55. b7 h5 56. gxh6 g5 57. h7 g4 58. h8=Q+ Ka7 59. Qa8# 1-0


[Site "https://www.chess.com"]

[Event "Titled Tuesday Blitz July 26 Late 2022"]
[White "Aaron, Deepak"]
[Black "Ansh M Shah"]
[WhiteFideId "2009412"]
[BlackFideId "25033379"]
[WhiteElo "2633"]
[BlackElo "1819"]
[Result "1-0"]
[Round "08"]
[TimeControl "180+1"]
[Date "2022.07.26"]
[WhiteClock "0:00:11"]
[BlackClock "0:00:24"]

1. e4 c6 2. d4 d5 3. Nc3 dxe4 4. Nxe4 Nf6 5. Nxf6+ exf6 6. c3 Bd6 7. Bd3 O-O 8. Be3 Re8 9. Qc2 h5 10. Ne2 Be6 11. O-O-O Nd7 12. c4 Nf8 13. Nc3 a6 14. h3 b5 15. c5 Bc7 16. Be4 Bd5 17. Nxd5 cxd5 18. Bd3 Ne6 19. g4 h4 20. Rhg1 Bf4 21. Bd2 Nxd4 22. Qc3 Be5 23. Kb1 Ne2 24. Qc2 Nxg1 25. Rxg1 b4 26. g5 a5 27. Bc1 a4 28. f4 Bd4 29. Rg4 b3 30. Qd1 bxa2+ 31. Kxa2 Re4 32. Rxh4 g6 33. Bxe4 dxe4 34. f5 fxg5 35. Rxe4 Bxc5 36. Qc2 Qd5+ 37. Rc4 gxf5 38. Bxg5 a3 39. b3 Bf8 40. Bf6 Bg7 41. Bxg7 Kxg7 42. Rc5 Qe4 43. Qc3+ Kg6 44. Rc6+ Kg5 45. Qf6+ Kf4 46. Rc4 Re8 47. Rxe4+ Rxe4 48. Qxf7 Re5 49. Kxa3 Ke4 50. Qc4+ Ke3 51. b4 f4 52. Qc3+ Ke2 53. Qxe5+ Kf3 54. b5 Kg3 55. b6 Kg2 56. b7 f3 57. b8=Q f2 58. Qg3+ Kf1 59. Qb1+ Ke2 60. Qb2+ Kd1 61. Qd3+ Ke1 62. Qde2# 1-0


[Site "https://www.chess.com"]

[Event "Titled Tuesday Blitz July 26 Late 2022"]
[White "Agasarov, Benik"]
[Black "Musovic, Armin"]
[WhiteFideId "13314823"]
[BlackFideId "939935"]
[WhiteElo "2621"]
[BlackElo "2255"]
[Result "1-0"]
[Round "08"]
[TimeControl "180+1"]
[Date "2022.07.26"]
[WhiteClock "0:00:59"]
[BlackClock "0:00:28"]

1. e4 c6 2. Nc3 d5 3. Qf3 dxe4 4. Nxe4 Nf6 5. Nxf6+ exf6 6. Qe4+ Be7 7. Nf3 Nd7 8. Be2 Nc5 9. Qd4 Bf5 10. Qxd8+ Rxd8 11. d4 Na4 12. c3 O-O 13. Bd1 Nb6 14. O-O c5 15. Re1 Bd6 16. Be3 c4 17. Nd2 Rfe8 18. Bf3 Re7 19. b3 Bd3 20. d5 Rde8 21. Red1 f5 22. Bxb6 axb6 23. Nxc4 Bc5 24. d6 Bxc4 25. dxe7 Bb5 26. c4 1-0


[Site "https://www.chess.com"]

[Event "Titled Tuesday Blitz July 26 Late 2022"]
[White "Alexiadis, Hristos"]
[Black "Drygalov, Andrey"]
[WhiteFideId "4249623"]
[BlackFideId "24171735"]
[WhiteElo "2416"]
[BlackElo "2531"]
[Result "1/2-1/2"]
[Round "08"]
[TimeControl "180+1"]
[Date "2022.07.26"]
[WhiteClock "0:00:11"]
[BlackClock "0:00:06"]

1. d4 Nf6 2. c4 e6 3. g3 d5 4. Nf3 Bb4+ 5. Bd2 Be7 6. Bg2 O-O 7. O-O Nbd7 8. Qc2 c6 9. a4 a5 10. Rc1 b6 11. cxd5 cxd5 12. Nc3 Ba6 13. Nb5 Rc8 14. Qd1 Ne4 15. Be1 Nd6 16. Qb3 Nc4 17. e3 Nb8 18. Bf1 Nc6 19. Nd2 Nb4 20. Nxc4 dxc4 21. Rxc4 Rxc4 22. Bxc4 Qd7 23. Rd1 Bb7 24. Bxb4 Bxb4 25. d5 Rd8 26. e4 e5 27. Qf3 Bc5 28. Kg2 Ba6 29. b3 Bxb5 30. Bxb5 Qd6 31. h4 g6 32. h5 Rf8 33. Rh1 f5 34. hxg6 hxg6 35. Rf1 Kg7 36. Bd3 Qd7 37. exf5 gxf5 38. Bc4 Rh8 39. Rh1 Rxh1 40. Kxh1 Kf6 41. Kg2 Kg5 42. Qe2 Qd6 43. Qd2+ Kg6 44. Bb5 e4 45. Be8+ Kf6 46. Qh6+ Ke7 47. Bg6 Qxd5 48. Qg5+ Ke6 49. g4 e3+ 50. Kh2 exf2 51. Bxf5+ Kd6 52. Qd8+ Ke5 53. Qxd5+ Kxd5 54. Kg2 Ke5 55. Bd3 Kf4 56. Be2 Bd4 57. Kf1 Kg3 58. g5 Kf4 59. g6 Ke3 60. Bc4 Kd2 61. Bf7 Kc3 62. Bc4 Kb4 63. Bf7 Kc5 64. g7 Bxg7 65. Kxf2 Kd4 66. Be8 Kc3 67. Bb5 Kxb3 68. Kf3 Bd4 69. Ke4 Bc5 70. Kd5 Kb4 71. Kc6 Kc3 72. Kb7 1/2-1/2


[Site "https://www.chess.com"]

[Event "Titled Tuesday Blitz July 26 Late 2022"]
[White "Andreikin, Dmitry"]
[Black "Pranav, V"]
[WhiteFideId "4158814"]
[BlackFideId "25060783"]
[WhiteElo "2736"]
[BlackElo "2380"]
[Result "1-0"]
[Round "08"]
[TimeControl "180+1"]
[Date "2022.07.26"]
[WhiteClock "0:02:13"]
[BlackClock "0:00:42"]

1. d4 Nf6 2. c4 e6 3. Nf3 h6 4. Nc3 Bb4 5. Qc2 d6 6. a3 Bxc3+ 7. Qxc3 O-O 8. b4 b6 9. Bb2 Bb7 10. e3 Nbd7 11. Be2 a5 12. O-O Ne4 13. Qc2 f5 14. d5 e5 15. Bd3 Ndf6 16. Nh4 axb4 17. axb4 Rxa1 18. Bxa1 Nxd5 19. cxd5 Qxh4 20. f3 Nf6 21. Qxc7 Bxd5 22. Qxd6 Bc4 23. g3 Ne8 24. Qxe5 1-0


[Site "https://www.chess.com"]

[Event "Titled Tuesday Blitz July 26 Late 2022"]
[White "Aravindh, Chithambaram VR."]
[Black "Vasquez Schroeder, Rodrigo"]
[WhiteFideId "5072786"]
[BlackFideId "3400042"]
[WhiteElo "2577"]
[BlackElo "2567"]
[Result "0-1"]
[Round "08"]
[TimeControl "180+1"]
[Date "2022.07.26"]
[WhiteClock "0:00:01"]
[BlackClock "0:00:20"]

1. b3 b6 2. Bb2 Bb7 3. Nf3 Nf6 4. c4 c5 5. e3 e6 6. Rg1 g6 7. g4 Bg7 8. h4 Nc6 9. h5 Nxh5 10. d4 Nf6 11. Nc3 cxd4 12. exd4 d5 13. Ba3 Ne4 14. cxd5 exd5 15. Qd3 Nxc3 16. Qxc3 Qd7 17. Bb5 a6 18. Bf1 O-O-O 19. Ne5 Rhe8 20. O-O-O Bxe5 21. dxe5 d4 22. Qg3 Rxe5 23. Bg2 Ra5 24. Kb2 Qc7 25. Rc1 Qxg3 26. fxg3 Kc7 27. Rgf1 f5 28. Rh1 fxg4 29. Rxh7+ Rd7 30. Rh6 Re5 31. Bf1 d3 32. Rd1 Rf5 0-1


[Site "https://www.chess.com"]

[Event "Titled Tuesday Blitz July 26 Late 2022"]
[White "Arencibia Monduy, Antonio"]
[Black "Stalri"]
[WhiteFideId "3507939"]
[WhiteElo "2489"]
[BlackElo "2353"]
[Result "1-0"]
[Round "08"]
[TimeControl "180+1"]
[Date "2022.07.27"]
[WhiteClock "0:00:02"]
[BlackClock "0:00:24"]

1. e4 c5 2. Nf3 d6 3. c3 Nf6 4. Bd3 Nc6 5. h3 e5 6. O-O Be7 7. Bc2 Be6 8. d4 cxd4 9. cxd4 exd4 10. Nxd4 Nxd4 11. Qxd4 d5 12. Ba4+ Bd7 13. e5 Ne4 14. Qxd5 Bxa4 15. Qxe4 Bc6 16. Qg4 Qa5 17. Nc3 h5 18. Qc4 Rh6 19. Bxh6 gxh6 20. Rad1 Kf8 21. Rfe1 Rc8 22. Qf4 Bg5 23. Qf5 Re8 24. Qh7 Re6 25. Qh8+ Ke7 26. Qb8 Rg6 27. Rd6 Rg7 28. Red1 Bd2 29. Rxc6 bxc6 30. Rxd2 Ke6 31. Qe8+ Kf5 32. Qc8+ Kg6 33. e6 fxe6 34. Qxe6+ Kh7 35. Qe3 c5 36. Qd3+ Rg6 37. Re2 Qc7 38. Qe4 Qb6 39. Qe7+ Rg7 40. Qe4+ Kh8 41. Nd5 Qd6 42. Qe8+ Kh7 43. Qe5 Qg6 44. Qe4 Qxe4 45. Rxe4 Kg8 46. Re5 c4 47. Rxh5 Rb7 48. Nc3 Rxb2 49. Rc5 Rc2 50. Rxc4 Kf7 51. Kh2 Rc1 52. Kg3 Rc2 53. f3 Ke6 54. Re4+ Kf7 55. Nb5 Rxa2 56. Nd6+ Kf6 57. Nc4 a6 58. Ne3 Kg5 59. h4+ Kh5 60. Re5+ Kg6 61. h5+ Kh7 62. Re7+ Kg8 63. Nf5 Ra5 64. Nxh6+ Kh8 65. Nf7+ Kg8 66. Ne5 Rd5 67. f4 a5 68. h6 Rd6 69. h7+ Kh8 70. Nf7+ Kxh7 71. Nxd6+ Kh6 72. Re5 Kg6 73. Rxa5 Kf6 74. Ne4+ Ke6 75. Re5+ Kf7 76. Kg4 Kg7 77. Kf5 Kh7 78. Kf6 Kg8 79. Re7 Kh8 80. Kg6 Kg8 81. Re8# 1-0


[Site "https://www.chess.com"]

[Event "Titled Tuesday Blitz July 26 Late 2022"]
[White "Baches Garcia, Guillermo"]
[Black "Yuan, Qingyu"]
[WhiteFideId "2209764"]
[BlackFideId "8609772"]
[WhiteElo "2533"]
[BlackElo "2359"]
[Result "0-1"]
[Round "08"]
[TimeControl "180+1"]
[Date "2022.07.26"]
[WhiteClock "0:00:02"]
[BlackClock "0:00:01"]

1. e4 c6 2. d4 d5 3. exd5 cxd5 4. Bd3 Nc6 5. c3 Nf6 6. h3 e5 7. dxe5 Nxe5 8. Nf3 Nxd3+ 9. Qxd3 Bd6 10. O-O O-O 11. Be3 h6 12. Nbd2 Re8 13. Rfe1 Bd7 14. Rad1 Qa5 15. a3 Ba4 16. Rc1 Bb5 17. Qc2 Ne4 18. Nd4 Bd7 19. N2f3 Rac8 20. Qe2 Bb8 21. Qd3 a6 22. Rcd1 Qc7 23. Ne2 Bb5 24. Qd4 Bxe2 25. Rxe2 Nf6 26. Rde1 Re4 27. Qb6 Qe7 28. Nd4 Re8 29. Nf3 Bf4 30. Nd2 Re6 31. Qd4 Be5 32. Qb4 Qc7 33. Nf3 Bf4 34. Nd4 Re4 35. Bxf4 Qxf4 36. Rxe4 Rxe4 37. Rf1 Qc7 38. Qb3 b5 39. Qc2 Qc4 40. Qd2 Nd7 41. Re1 Ne5 42. Rxe4 dxe4 43. Nf5 Qd3 44. Qf4 Ng6 45. Qb8+ Kh7 46. Qc8 Qd5 47. Ne3 Qb3 48. Qf5 Qa4 49. Qxf7 Qb3 0-1


[Site "https://www.chess.com"]

[Event "Titled Tuesday Blitz July 26 Late 2022"]
[White "Barria Zuniga, Daniel"]
[Black "Suder, Jakub"]
[WhiteFideId "3400816"]
[BlackFideId "1195310"]
[WhiteElo "2414"]
[BlackElo "2071"]
[Result "1-0"]
[Round "08"]
[TimeControl "180+1"]
[Date "2022.07.26"]
[WhiteClock "0:00:58"]
[BlackClock "0:02:12"]

1. d4 d5 2. c4 dxc4 3. Nf3 a6 4. e3 Bg4 5. Bxc4 e6 6. h3 Bh5 7. Qb3 b5 8. Bxb5+ axb5 9. Qxb5+ Nd7 10. Qxh5 c5 11. Nc3 cxd4 12. exd4 Ngf6 13. Qh4 Be7 14. O-O g5 15. Bxg5 h6 16. Bxf6 Bxf6 17. Qf4 Bg5 18. Qe4 Nf6 19. Qc6+ Kf8 20. Rfe1 Rc8 21. Qb5 Rg8 22. Rad1 Bf4 23. d5 e5 24. d6 Rb8 25. Qc5 Nd7 26. Qc7 Qe8 27. Nd5 Rc8 28. Qa7 Qd8 29. Nxf4 exf4 30. Re7 1-0


[Site "https://www.chess.com"]

[Event "Titled Tuesday Blitz July 26 Late 2022"]
[White "Blanco Ronquillo, Humberto L."]
[Black "Miszler, Levente"]
[WhiteFideId "3504239"]
[BlackFideId "763276"]
[WhiteElo "2423"]
[BlackElo "1966"]
[Result "1-0"]
[Round "08"]
[TimeControl "180+1"]
[Date "2022.07.26"]
[WhiteClock "0:00:34"]
[BlackClock "0:00:03"]

1. e4 e6 2. d4 d5 3. Nd2 e5 4. dxe5 dxe4 5. Bc4 Nc6 6. Qe2 Nxe5 7. Nxe4 Qe7 8. Bb3 Bd7 9. Bg5 f6 10. Be3 Bc6 11. Bc5 Qd7 12. Rd1 Qg4 13. f3 Qg6 14. Bxf8 Kxf8 15. Nc5 Rc8 16. Nh3 Ne7 17. Nf4 Qh6 18. O-O b6 19. Nfe6+ Ke8 20. Na6 Bb7 21. Naxc7+ Rxc7 22. Nxc7+ Kf8 23. f4 Nf7 24. Rd7 Nc6 25. Qe8# 1-0


[Site "https://www.chess.com"]

[Event "Titled Tuesday Blitz July 26 Late 2022"]
[White "Capp, Stephen"]
[Black "Hoffmann, Asa"]
[WhiteFideId "2027089"]
[BlackFideId "2001470"]
[WhiteElo "2209"]
[BlackElo "2117"]
[Result "1-0"]
[Round "08"]
[TimeControl "180+1"]
[Date "2022.07.27"]
[WhiteClock "0:00:09"]
[BlackClock "0:00:27"]

1. e4 d6 2. Nc3 c6 3. f4 Nf6 4. Nf3 d5 5. e5 Ne4 6. d3 Nxc3 7. bxc3 Bg4 8. d4 e6 9. Bd3 c5 10. O-O Nc6 11. dxc5 Bxc5+ 12. Kh1 Qa5 13. Bd2 Qa4 14. Rb1 O-O 15. Rxb7 Na5 16. Rb2 Rab8 17. Rxb8 Rxb8 18. h3 Bh5 19. g4 Bg6 20. f5 exf5 21. gxf5 Bh5 22. e6 Nc4 23. exf7+ Bxf7 24. Ng5 Ne5 25. Nxf7 Nxf7 26. f6 Qh4 27. Qf3 g6 28. Bf4 Re8 29. Bh2 Bf8 30. Qxd5 Qxh3 31. Bc4 Re6 32. Qxe6 Qxe6 33. Bxe6 Bc5 34. Bxf7+ Kxf7 35. Be5 g5 36. Rb1 h5 37. Rb7+ Kg6 38. f7 Kf5 39. Bd4 Bd6 40. Rd7 Bf8 41. Rd8 Bh6 42. f8=Q+ Bxf8 43. Rxf8+ Ke4 44. Ra8 g4 45. Rxa7 h4 46. Rh7 h3 47. Kh2 Kf3 48. Rf7+ Ke2 49. Rg7 Kf3 50. Rxg4 Kxg4 51. a3 Kf5 52. a4 Ke6 53. a5 Kd7 54. a6 Kc7 55. a7 Kb7 56. Kxh3 Ka8 57. Kg4 Kb7 58. Kf5 Ka8 59. Ke6 Kb7 60. Kd7 Ka8 61. Kd8 Kb7 62. c4 Ka8 63. Be3 Kb7 64. Kd7 Ka8 65. Bc5 Kb7 66. Bd6 Ka8 67. c5 Kb7 68. c6+ Ka8 69. c7 Kb7 70. c8=Q+ Kb6 71. Qc5+ Kb7 72. a8=Q+ Kxa8 73. Qb5 Ka7 74. Bc5+ Ka8 75. Bd6 Ka7 76. Kc7 Ka8 77. Qb7# 1-0


[Site "https://www.chess.com"]

[Event "Titled Tuesday Blitz July 26 Late 2022"]
[White "Chen, Justin"]
[Black "Weetik, Vjacheslav"]
[WhiteFideId "2098199"]
[BlackFideId "4153472"]
[WhiteElo "2289"]
[BlackElo "2469"]
[Result "1/2-1/2"]
[Round "08"]
[TimeControl "180+1"]
[Date "2022.07.26"]
[WhiteClock "0:00:06"]
[BlackClock "0:00:15"]

1. e4 c6 2. d4 d5 3. exd5 cxd5 4. Bd3 Nc6 5. c3 g6 6. Bf4 Bf5 7. Nf3 Bh6 8. Bxh6 Nxh6 9. Be2 Ng4 10. Nbd2 Qd6 11. Nf1 O-O 12. Ng3 Nf6 13. Qd2 Ne4 14. Qh6 Qf6 15. Nxe4 dxe4 16. Ng5 Qg7 17. Qxg7+ Kxg7 18. g4 h6 19. Nxf7 Kxf7 20. gxf5 gxf5 21. f3 exf3 22. Bxf3 Kf6 23. Kf2 Rae8 24. Rae1 e5 25. Bxc6 bxc6 26. dxe5+ Rxe5 27. Rxe5 Kxe5 28. Re1+ Kf6 29. Rd1 Ke6 30. Kf3 Rg8 31. Re1+ Kf6 32. Rd1 Ke6 33. b4 a5 34. a3 axb4 35. cxb4 Rg4 36. Rd3 Rh4 37. Kg3 Rg4+ 38. Kf3 Rh4 39. Kg3 Rc4 40. Kf3 h5 41. Rd8 Rc3+ 42. Kf4 Rxa3 43. Re8+ Kd7 44. Re5 Rh3 45. Rxf5 Rxh2 46. Ke4 Rh4+ 47. Kd3 Kc7 48. b5 cxb5 49. Rxb5 Kd6 50. Ke3 Rh1 51. Kf2 Ke6 52. Kg2 Rh4 53. Kg3 Rg4+ 54. Kh3 Rg1 55. Rxh5 Kf6 56. Ra5 Rg8 57. Kh2 Rg4 58. Ra3 Rc4 59. Rf3+ Kg5 60. Kg2 Kg4 61. Rf2 Rc3 62. Re2 Rg3+ 63. Kf2 Rb3 64. Re3 Rxe3 65. Kxe3 1/2-1/2


[Site "https://www.chess.com"]

[Event "Titled Tuesday Blitz July 26 Late 2022"]
[White "D`Arruda, Ricardo D."]
[Black "Gracia Alvarez, Gerardo Antonio"]
[WhiteFideId "100692"]
[BlackFideId "5109124"]
[WhiteElo "2408"]
[BlackElo "2139"]
[Result "0-1"]
[Round "08"]
[TimeControl "180+1"]
[Date "2022.07.27"]
[WhiteClock "0:00:04"]
[BlackClock "0:00:06"]

1. Nf3 c5 2. b3 d6 3. e3 e5 4. d4 cxd4 5. exd4 e4 6. Nfd2 f5 7. c4 Nf6 8. Be2 Be7 9. O-O O-O 10. Bb2 d5 11. Nc3 Be6 12. cxd5 Nxd5 13. Bc4 Kh8 14. Nxd5 Bxd5 15. Bxd5 Qxd5 16. Nc4 Nc6 17. Ne3 Qd6 18. d5 Ne5 19. Nc4 Nxc4 20. bxc4 Rac8 21. Rc1 Rfd8 22. Qb3 b6 23. g3 Bf6 24. Rfd1 Bxb2 25. Qxb2 Rc5 26. a4 Rdc8 27. Qd4 h6 28. g4 Qf4 29. gxf5 Rf8 30. Rc3 Rxf5 31. Rg3 Qe5 32. d6 Rc8 33. Rg4 Rh5 34. Qxe5 Rxe5 35. Rd4 Rd8 36. Kf1 Kg8 37. Ke2 Kf7 38. Ke3 Re6 39. Rf4+ Ke8 40. Rfxe4 Kd7 41. Rd5 Rxd6 42. Kd4 Kc6 43. Re5 R8d7 44. f4 g6 45. h4 h5 46. Rg5 a6 47. Re5 Kc7 48. f5 gxf5 49. Rxf5 Rg7 50. Rxh5 Rg4+ 51. Kc3 Rxd5 52. Rxd5 Rxh4 53. Rg5 Rh3+ 54. Kb4 a5+ 55. Kb5 Rb3+ 56. Ka6 Rb4 57. Rg7+ Kc6 58. Rg6+ Kc5 59. Rg5+ Kxc4 0-1


[Site "https://www.chess.com"]

[Event "Titled Tuesday Blitz July 26 Late 2022"]
[White "Daggupati, Balaji"]
[Black "Holt, Conrad"]
[WhiteFideId "2090759"]
[BlackFideId "2034387"]
[WhiteElo "2713"]
[BlackElo "2586"]
[Result "0-1"]
[Round "08"]
[TimeControl "180+1"]
[Date "2022.07.26"]
[WhiteClock "0:00:02"]
[BlackClock "0:00:15"]

1. e4 e6 2. d4 d5 3. Nc3 Nf6 4. Bg5 dxe4 5. Nxe4 Be7 6. Bxf6 Bxf6 7. Nf3 Nd7 8. Bd3 c5 9. Nxf6+ Qxf6 10. Qe2 O-O 11. Qe4 g6 12. O-O-O cxd4 13. Qxd4 Qxd4 14. Nxd4 Nc5 15. Be2 e5 16. Nb5 Bf5 17. Bf3 e4 18. Be2 a6 19. Nd6 Be6 20. Kb1 f5 21. Bc4 Bxc4 22. Nxc4 b5 23. Ne5 Rfe8 24. Nc6 Rac8 25. Nb4 Kf7 26. Rd6 Re6 27. Rhd1 a5 28. Rxe6 Kxe6 29. Nd5 g5 30. g3 Ke5 31. Ne3 f4 32. Ng4+ Ke6 33. Nh6 e3 34. fxe3 f3 35. Rf1 Ne4 36. Kc1 f2 37. Kd1 Rd8+ 38. Ke2 Rd2+ 39. Kf3 Kd5 40. b3 b4 41. h4 Rxc2 42. Rd1+ Nd2+ 43. Kxf2 Ke4 44. Ng4 Nxb3+ 45. Kf1 Rxa2 46. Nf2+ Kf3 47. e4 Rxf2+ 0-1


[Site "https://www.chess.com"]

[Event "Titled Tuesday Blitz July 26 Late 2022"]
[White "De Gleria, Francesco"]
[Black "Ljukin, Sergei"]
[WhiteFideId "4630394"]
[BlackFideId "14102200"]
[WhiteElo "2283"]
[BlackElo "2312"]
[Result "1-0"]
[Round "08"]
[TimeControl "180+1"]
[Date "2022.07.27"]
[WhiteClock "0:00:04"]
[BlackClock "0:00:01"]

1. e4 e6 2. d4 d5 3. Nd2 Nf6 4. e5 Nfd7 5. Bd3 c5 6. c3 Nc6 7. Ne2 cxd4 8. cxd4 f6 9. Nf4 Nxd4 10. Qh5+ Ke7 11. exf6+ Nxf6 12. Ng6+ hxg6 13. Qxh8 Kf7 14. Qh4 e5 15. Nf3 Bb4+ 16. Kf1 e4 17. Nxd4 exd3 18. Be3 Bd7 19. Nf3 Qe7 20. Ne5+ Qxe5 21. Qxb4 Rc8 22. Rd1 Rc2 23. h3 Rxb2 24. Qa3 Bb5 25. Kg1 a6 26. h4 Rc2 27. Rh3 d4 28. Qb3+ Kf8 29. Bg5 Bc6 30. Qb4+ Kg8 31. Re1 Qf5 32. Qb3+ Bd5 33. Qxd3 Qxd3 34. Rxd3 Rxa2 35. Rxd4 Bc6 36. Re7 Nh7 37. Rd8+ Nf8 38. Rc7 Ra5 39. g4 Ra3 40. f4 Ra1+ 41. Kf2 Ra2+ 42. Ke3 Ra3+ 43. Kd2 Ra2+ 44. Kc3 Ra1 45. Kb2 Re1 46. Rcc8 Re2+ 47. Kc3 Re3+ 48. Kd2 1-0


[Site "https://www.chess.com"]

[Event "Titled Tuesday Blitz July 26 Late 2022"]
[White "Deviprasath, Sharvesh"]
[Black "Pinheiro, Iung Alicio de O."]
[WhiteFideId "30938228"]
[BlackFideId "2104350"]
[WhiteElo "2102"]
[BlackElo "2283"]
[Result "0-1"]
[Round "08"]
[TimeControl "180+1"]
[Date "2022.07.26"]
[WhiteClock "0:00:29"]
[BlackClock "0:00:05"]

1. Nf3 d5 2. c4 c6 3. e3 Nf6 4. Nc3 g6 5. d4 Bg7 6. Bd3 O-O 7. O-O Bg4 8. h3 Bxf3 9. Qxf3 e6 10. b3 Nbd7 11. a4 Re8 12. Qe2 e5 13. cxd5 exd4 14. dxc6 bxc6 15. Nd1 dxe3 16. Nxe3 Nd5 17. Bd2 Nc5 18. Bc4 Nf4 19. Qf3 Bxa1 20. Qxf4 Ne6 21. Bxe6 Rxe6 22. Rxa1 Qxd2 23. Qc4 Qa5 24. Ng4 h5 25. Ne3 Rd8 26. Rc1 Qe5 27. Qc5 Qxc5 28. Rxc5 Rd3 29. Ra5 Rxb3 30. Rxa7 Ra3 31. a5 c5 32. Nc4 Ra1+ 33. Kh2 h4 34. Rc7 Ree1 35. g3 Rh1+ 36. Kg2 Rag1+ 37. Kf3 hxg3 38. fxg3 Rxh3 39. Ke4 Rhxg3 40. a6 Ra1 41. a7 Kg7 42. Ne5 Rga3 43. Rxf7+ Kg8 44. Rf6 Rxa7 45. Rxg6+ Kh7 46. Rc6 Rc1 47. Kd5 Ra2 48. Rxc5 Rd2+ 49. Kc6 Rxc5+ 50. Kxc5 Kg7 51. Nc4 Rd8 52. Kb5 Kf6 53. Nb6 Ke6 54. Nc4 Rd4 55. Nb6 Kd6 56. Nc4+ Kc7 57. Kc5 Rh4 58. Kd5 Rh5+ 59. Ne5 Kd8 60. Ke6 Rh1 61. Kd5 Ke8 62. Ke6 Kf8 63. Kf5 Ke7 64. Ng6+ Kd6 65. Nf4 Rf1 66. Ke4 Ra1 67. Nd3 Ra4+ 68. Ke3 Kd5 69. Nf4+ Ke5 70. Nd3+ Kf5 71. Nc5 Rc4 72. Nd3 Rc3 73. Kd4 Ra3 74. Nc5 Ra1 75. Kd5 Rd1+ 76. Kc4 Ke5 77. Nd3+ Kd6 78. Kd4 Ra1 79. Ke4 Ra4+ 80. Ke3 Kd5 81. Nf4+ Kc4 82. Ke4 Ra8 83. Kf5 Re8 84. Ne6 Re7 85. Ke5 Rh7 86. Kd6 Rh1 87. Ke5 Rh5+ 88. Kf6 Ra5 89. Ke7 Kd5 90. Kf6 Ra6 0-1


[Site "https://www.chess.com"]

[Event "Titled Tuesday Blitz July 26 Late 2022"]
[White "Djordjevic, Vuk"]
[Black "Vagman, Roy"]
[WhiteFideId "902098"]
[BlackFideId "2828995"]
[WhiteElo "2456"]
[BlackElo "1956"]
[Result "0-1"]
[Round "08"]
[TimeControl "180+1"]
[Date "2022.07.26"]
[WhiteClock "0:00:04"]
[BlackClock "0:00:06"]

1. d4 Nf6 2. Bg5 d5 3. Bxf6 gxf6 4. e3 c5 5. dxc5 e6 6. Nf3 Bxc5 7. c4 dxc4 8. Nbd2 Nc6 9. Bxc4 f5 10. O-O O-O 11. a3 Be7 12. b4 Bf6 13. Rb1 b6 14. Qb3 Bb7 15. Rfd1 Qe7 16. e4 f4 17. Qa4 Kh8 18. Bb5 Rac8 19. Rbc1 Nd4 20. Nxd4 Rxc1 21. Rxc1 Bxd4 22. Qxa7 Ra8 23. Qxa8+ Bxa8 24. Nf3 Qd8 25. Nxd4 Qxd4 26. Rc8+ Kg7 27. Rxa8 Qxe4 28. Ra6 Qd4 29. Bf1 e5 30. Ra7 e4 31. Re7 e3 32. g3 Qd2 33. fxe3 fxe3 34. Bb5 Qf2+ 35. Kh1 h5 36. a4 Kf6 37. Re8 h4 38. gxh4 Qe1+ 39. Kg2 Qf2+ 40. Kh1 Kf5 41. Re7 Kg4 42. Bd7+ Kxh4 43. Bb5 Kh3 44. Bd7+ f5 45. Bxf5+ Qxf5 46. Rxe3+ Kh4 47. a5 Qf1# 0-1


[Site "https://www.chess.com"]